 Dungeon Crawl Stone Soup version 0.30-a0-339-g89bb51ec76 (webtiles) character file.

Game seed: 12706801517753362109

76 meatgazer the Trooper (level 4, -1/37 HPs)
             Began as a Demonspawn Berserker on Oct 31, 2022.
             Was a Believer of Trog.
             Succumbed to a scorpion's poison
             ... on level 4 of the Dungeon.
             The game lasted 00:03:19 (2155 turns).

meatgazer the Trooper (Demonspawn Berserker)        Turns: 2155, Time: 00:03:20

Health: -1/37      AC:  7    Str: 20    XL:     4   Next: 12%
Magic:  4/4        EV: 10    Int:  8    God:    Trog [**....]
Gold:   149        SH:  0    Dex: 12    Spells: 3/3 levels left

rFire   . . .      SeeInvis .    a - +0 falchion
rCold   . . .      Faith    .    (no shield)
rNeg    . . .      Spirit   .    g - +0 scale mail
rPois   .          Reflect  .    (no helmet)
rElec   .          Harm     .    (no cloak)
rCorr   .          Rampage  .    (no gloves)
Will    .....                    h - +0 pair of boots
Stlth   ..........               (no amulet)
HPRegen 0.26/turn                (no ring)
MPRegen 0.09/turn                (no ring)

@: lethally poisoned (-1 -> -22)
A: hooves 1, sturdy frame 1, demonic magic 1
a: Renounce Religion, Berserk, Trog's Hand


You were on level 4 of the Dungeon.
You worshipped Trog.
Trog was pleased with you.
You visited 1 branch of the dungeon, and saw 4 of its levels.

You collected 149 gold pieces.

Inventory:

Hand Weapons
 a - a +0 falchion (weapon)
Armour
 g - a +0 scale mail (worn)
 h - a +0 pair of boots (worn)
Jewellery
 j - a ring of fire
Scrolls
 b - a scroll of magic mapping {unknown}
 f - a scroll of immolation {unknown}
 l - a scroll of enchant armour {unknown}
Potions
 c - 3 potions of flight
 d - a potion of curing {unknown}
 e - 3 potions of cancellation {unknown}
 i - 2 potions of attraction {unknown}
 k - a potion of brilliance {unknown}


   Skills:
 + Level 4.1 Fighting
 + Level 3.7 Long Blades
 - Level 1.7 Armour
 - Level 1.7 Dodging


You had 3 spell levels left.
You didn't know any spells.
Your spell library was empty.

Dungeon Overview and Level Annotations

Branches:
Dungeon (4/15)
 Temple: D:4-7

Altars:


Innate Abilities, Weirdness & Mutations

You have large cloven feet.
Your movements are slightly less encumbered by armour. (ER -2)
Spells you cast may paralyse adjacent enemies.


Message History

No target in view!
Things that are here:
a +0 dagger; 2 boomerangs; an orc corpse
There is a stone staircase leading up here.
There is a stone staircase leading up here.
Things that are here:
a +0 dagger; 2 boomerangs; an orc corpse A scorpion comes into view.
The scorpion stings you.
You closely miss the scorpion. The scorpion barely misses you.
You hit the scorpion but do no damage. The scorpion stings you.
You are poisoned.
The scorpion poisons you!
You hit the scorpion but do no damage.
You feel very sick. The scorpion misses you. The scorpion barely misses you.
You barely miss the scorpion.
You feel sick. The scorpion stings you.
You are more poisoned.
The scorpion poisons you!
You hit the scorpion but do no damage.
You feel very sick. The scorpion stings you.
You are lethally poisoned!
The scorpion poisons you!
You hit the scorpion but do no damage.
You feel very sick. The scorpion stings you.
* * * LOW HITPOINT WARNING * * *
You are more poisoned.
The scorpion poisons you!
The scorpion stings you but does no damage.
You hit the scorpion.
The scorpion is moderately wounded.
* * * LOW HITPOINT WARNING * * *
You feel extremely sick. The scorpion barely misses you.
Unknown command.
You hit the scorpion.
The scorpion is moderately wounded.
You die...

....#### ##.##.
.##...†###..##. ###
.#####.....###.#... .#
#####.......## ##
#.##...... # ####.#
#.#.# # #####
#....####.#.##.# ....#
#....##...#....## ....#
#.......##@.....#
....###...######s.....#
.....<)...............#
....###...######......#
....# ##### ########
....# #####


You could see a scorpion.

Vanquished Creatures
  An iguana (D:4)
  An adder (D:2)
  An orc (D:4)
  4 bats
  4 endoplasms
  3 giant cockroaches
  5 goblins
  4 hobgoblins
  3 jackals (D:1)
  5 ball pythons
  4 frilled lizards
  2 kobolds
  3 rats
40 creatures vanquished.

Notes
Turn   | Place    | Note
-------+----------+-------------------------------------------
     0 | D:1      | meatgazer the Demonspawn Berserker began the quest for the
                  | Orb.
     0 | D:1      | Reached XP level 1. HP: 18/18 MP: 1/1
   210 | D:1      | Gained mutation: Spells you cast may paralyse adjacent
                  | enemies. [demonic ancestry]
   210 | D:1      | Reached XP level 2. HP: 8/24 MP: 2/2
  1576 | D:2      | Gained mutation: You have large cloven feet. [demonic
                  | ancestry]
  1576 | D:2      | Reached XP level 3. HP: 29/29 MP: 3/3
  1611 | D:2      | Reached ** piety under Trog
  2025 | D:4      | Reached skill level 4 in Fighting
  2025 | D:4      | Gained mutation: Your movements are slightly less
                  | encumbered by armour. (ER -2) [demonic ancestry]
  2025 | D:4      | Reached XP level 4. HP: 15/37 MP: 4/4
  2146 | D:4      | Noticed a scorpion
  2155 | D:4      | Succumbed to a scorpion's poison

Illustrated notes

Levels and vault maps discovered:
D:1:      grunt_arrival_lava_bath, layout_basic
D:2:      layout_basic
D:3:      cheibrodos_fertilizer, layout_loops_ring,
          chequers_ecumenical_altar_simple_redux, uniq_grinder
D:4:      layout_rooms, nicolae_overflow_hidden_temple

Skill      XL: |  1  2  3 |
---------------+----------+-----
Long Blades    | 3 |  3.7
Fighting       | 4 |  4.1
Armour         | |  1.7
Dodging        | |  1.7

Action                   |  1- 3 |  4- 6 || total
-------------------------+-------+-------++-------
Melee: Falchion          |   183 |     9 ||   192
       Punch             |     1 |       ||     1
  Use: Scroll            |     4 |       ||     4
Armor: Animal skin       |    21 |       ||    21
       Scale mail        |    43 |     1 ||    44
Dodge: Dodged            |   123 |     4 ||   127

Table legend: (Time is in decaauts)
 A = Elapsed time spent in this place.
 B = Non-inter-level travel time spent in this place.
 C = Inter-level travel time spent in this place.
 D = Time resting spent in this place.
 E = Time spent auto-exploring this place.
 F = Levels seen in this place.
 G = Mean time per level.
                   A        B        C        D        E       F      G
               +--------+--------+--------+--------+--------+-----+--------+
         Total |   2181 |   2125 |     56 |    608 |   1114 |   4 |  545.2 |
       Dungeon |   2181 |   2125 |     56 |    608 |   1114 |   4 |  545.2 |
               +--------+--------+--------+--------+--------+-----+--------+

Top non-repeatable levels by time:
     D:1: 1293 daAuts
     D:2: 667 daAuts
     D:4: 210 daAuts
     D:3: 9 daAuts
